cohdb
Replays
Latest Replays
All Replays
Popular Replays
Top Player Replays
Match Explorer
How It Works
Community
CoH3 Stats
Reddit
Sign in to upload your games and track your stats! →
Sign in with Steam
Match 40051167
Unlisted
Match 40051167
Overview
Messages
Build Orders
End
250 Light Carrier
Selects Panzerjäger Kommand Battlegroup
Kradschützen Motorcycle Team
Panzergrenadier Squad
Construct Light Support Kompanie
Selects Mine Fields
2.5-tonne Medical Truck
Fire Support Elements
Selects GrB 39 Grenade Launcher Requisition
Selects Tank Busters
MG34 Team
le.IG 18 Mechanized Group
Panzerjäger Squad
Vehicle Survival Package
Selects Defensive Positions
Flakvierling Half-track
Construct Panzerarmee Kommand
Combat Half-tracks
Panzerpioneer Squad
Panzer III L Medium Tank
Panzerjäger Squad
Armored Reserves
Assault Grenadier Squad
ginsjuan
Wise Walrus
TastyNebula
Maksus66
DibbeTC
Quintoni
Mad Mac
PondusN
0
0
Comments
sign in to comment!
No comments posted yet!